 Dungeon Crawl Stone Soup version 0.30-a0-1016-gfb0d676c02 (webtiles) character file.

Game seed: 12886267288486246828

782 xian the Conjurer (level 7, -13/52 HPs)
             Began as a Purple Draconian Conjurer on Apr 6, 2023.
             Was an Initiate of Vehumet.
             Mangled by an ogre
             ... wielding a +0 giant spiked club
              (30 damage)
             ... on level 4 of the Dungeon.
             The game lasted 00:07:33 (4775 turns).

xian the Conjurer (Purple Draconian Conjurer)       Turns: 4775, Time: 00:07:34

Health: -13/52     AC:  6    Str: 10    XL:     7   Next: 55%
Magic:  0/15       EV: 12    Int: 20    God:    Vehumet [......]
Gold:   168        SH:  0    Dex:  9    Spells: 10/17 levels left

rFire   . . .      SeeInvis .    c - +2 whip (freeze)
rCold   . . .      Faith    .    (no shield)
rNeg    . . .      Spirit   +    (body armour unavailable)
rPois   .          Reflect  .    (helmet restricted)
rElec   .          Rampage  .    (no cloak)
rCorr   .                        (no gloves)
Will    +....                    (no boots)
Stlth   ++                       l - amulet of guardian spirit
HPRegen 0.28/turn                (no ring)
MPRegen 0.14/turn                (no ring)

@: no status effects
A: breathe power, AC +6, unfitting armour, cold-blooded
a: Breathe Dispelling Energy, Renounce Religion


You were on level 4 of the Dungeon.
You worshipped Vehumet.
Vehumet was noncommittal.
You visited 1 branch of the dungeon, and saw 4 of its levels.

You collected 168 gold pieces.

Inventory:

Hand Weapons
 c - a +2 whip of freezing (weapon)
 r - a +4 hand axe
Magical Staves
 q - a staff of cold
Jewellery
 l - an amulet of guardian spirit (around neck)
Wands
 p - a wand of flame (15)
Scrolls
 d - 2 scrolls of fog {unknown}
 e - 3 scrolls of identify {unknown}
 g - 2 scrolls of enchant armour {unknown}
 i - a scroll of vulnerability {unknown}
 j - a scroll of teleportation {unknown}
 k - a scroll of poison {unknown}
 m - a scroll of fear {unknown}
Potions
 a - a potion of magic
 b - a potion of haste {unknown}
 f - a potion of might {unknown}
 h - a potion of mutation {unknown}
 n - a potion of curing
 o - a potion of heal wounds {unknown}


   Skills:
 + Level 1.5 Fighting
 + Level 1.7 Maces & Flails
 + Level 2.3 Dodging
 + Level 2.7 Stealth
 + Level 5.7 Spellcasting
 + Level 6.5 Conjurations
 * Level 2.3 Fire Magic


You had 10 spell levels left.
You knew the following spells:

 Your Spells              Type           Power      Damage    Failure   Level
a - Magic Dart            Conj           100%       1d8       1%          1
b - Searing Ray           Conj           62%        2d6       1%          2
c - Iskenderun's Mystic   Conj/Tloc      18%        2d6       28%         4

Your spell library contained the following spells:

 Spells                   Type           Power      Damage    Failure   Level
 Foxfire                  Conj/Fire      92%        2x1d8     1%          1
 Dazzling Flash           Conj/Hex       36%        N/A       9%          3
 Fulminant Prism          Conj/Hex       9%         3d6       28%         4
 Fireball                 Conj/Fire      11%        3d7       43%         5
 Starburst                Conj/Fire      11%        6d5       95%         6
 Plasma Beam              Fire/Air       5%         2x1d17    100%        6


Dungeon Overview and Level Annotations

Branches:
Dungeon (4/15)
 Temple: D:4-7

Altars:
Uskayaw
Vehumet
Yredelemnul


Innate Abilities, Weirdness & Mutations

You can breathe bolts of dispelling energy.
Your rich purple scales are hard. (AC +6)
You cannot fit into any form of body armour.
You are cold-blooded and may be slowed by cold attacks.


Message History

The centaur wields a +0 shortbow.
The centaur shoots an arrow.
The arrow hits you.
The centaur shoots an arrow.
The arrow completely misses you.
The centaur shoots an arrow.
The arrow closely misses you.
The centaur shoots an arrow.
The arrow hits you!
The orc wizard mumbles some strange words.
The orc wizard flickers and vanishes!
Deactivating autopickup; reactivate with Ctrl-A.
The ogre closely misses you.
The centaur shoots an arrow.
The arrow closely misses you.
Unknown command.
The ogre attacks as you move away! The ogre barely misses you.
Casting: Searing Ray (safe; 1% risk of failure)
Confirm with . or Enter, or press ? or * to list all spells.
Aiming: Searing Ray (safe; 1% risk of failure)
Press: ? - help, Shift-Dir - straight line, f/p - centaur
Aim: a centaur, wielding a +0 shortbow (87% to hit)
The searing ray hits the ogre.
The ogre is lightly wounded.
The searing ray hits the hound!
The hound is severely wounded.
The searing ray hits the centaur!
The centaur is moderately wounded. (Press . to maintain the ray.)
The ogre hits you with a +0 giant spiked club!!
* * * LOW HITPOINT WARNING * * *
The searing ray hits the ogre.
The ogre is moderately wounded.
The searing ray hits the hound.
You kill the hound!
Vehumet accepts your kill.
The searing ray hits the centaur.
The centaur is heavily wounded.
Casting: Searing Ray (safe; 1% risk of failure)
Confirm with . or Enter, or press ? or * to list all spells.
Okay, then.
It was a potion of curing.
You feel better.
The ogre hits you with a +0 giant spiked club!!
Ouch! That really hurt!
You die...

..#{# #.#.#######
#.#........
#######.#c#######
..........#
######.#.# #c#.#
#O#.# #@#.# #.#.#
#.#.#
#.#.##############
..#...............
#.################
#.# ########
###+### #.#
#.......
#.....##########.#
#.######


You could see an ogre and a centaur.

Vanquished Creatures
  3 necrophages (D:4)
  A scorpion (D:4)
  2 wights (D:4)
  2 hounds (D:4)
  A human zombie (D:4)
  3 sleepcaps
  2 mummies (D:4)
  A howler monkey zombie (D:4)
  4 gnolls (D:3)
  9 adders
  3 adder zombies (D:4)
  2 worms
  6 dart slugs
  5 ball pythons
  7 endoplasms
  4 giant cockroaches
  6 goblins
  7 hobgoblins
  6 quokkas
  9 bats
  4 frilled lizards
  5 kobolds
  9 rats
  A spectral kobold (D:2)
102 creatures vanquished.

Notes
Turn   | Place    | Note
-------+----------+-------------------------------------------
     0 | D:1      | xian the Draconian Conjurer began the quest for the Orb.
     0 | D:1      | Reached XP level 1. HP: 14/14 MP: 3/3
   267 | D:1      | Reached XP level 2. HP: 19/20 MP: 0/5
   363 | D:1      | Learned a level 2 spell: Searing Ray
   921 | D:1      | Reached XP level 3. HP: 26/26 MP: 3/6
  1299 | D:2      | Reached skill level 5 in Conjurations
  1553 | D:2      | Found a faded altar of an unknown god.
  1790 | D:2      | Reached XP level 4. HP: 33/33 MP: 3/7
  1797 | D:2      | Learned a level 4 spell: Iskenderun's Mystic Blast
  2604 | D:3      | Reached XP level 5. HP: 39/39 MP: 2/9
  2615 | D:3      | Reached skill level 1 in Maces & Flails
  2895 | D:3      | Found a hide-covered altar of Uskayaw.
  3464 | D:4      | Reached XP level 6. HP: 38/46 MP: 0/11
  3671 | D:4      | Found a basalt altar of Yredelemnul.
  3685 | D:4      | Reached skill level 6 in Conjurations
  3773 | D:4      | Reached skill level 1 in Fire Magic
  3938 | D:4      | Reached skill level 1 in Fighting
  3938 | D:4      | Your scales start taking on a rich purple colour.
  3938 | D:4      | Reached skill level 5 in Spellcasting
  3938 | D:4      | Reached XP level 7. HP: 30/51 MP: 1/14
  4500 | D:4      | Found a radiant altar of Vehumet.
  4541 | D:4      | Became a worshipper of Vehumet
  4775 | D:4      | Mangled by an ogre

Illustrated notes

Levels and vault maps discovered:
D:1:      dpeg_arrival_short_road, layout_basic, minmay_3d_cube
D:2:      layout_basic, dreamdust_ecumenical_altar_drowned_temple
D:3:      layout_loops_ring, eat_drink_and_be_merry_uskayaw,
          palyth_stone_intersect, roderic_roman_lattice, hellmonk_no_cap
D:4:      layout_loops_ring, nicolae_vehumet_altar_sigil,
          lemuel_mausoleum_altar_yredelemnul, minmay_manual_mess

Skill      XL: |  1  2  3  4  5  6  7 |
---------------+----------------------+-----
Stealth        | 2 |  2.7
Conjurations   | 5 6 |  6.5
Dodging        | 2 |  2.3
Maces & Flails | 1 |  1.7
Spellcasting   | 3 5 |  5.7
Fire Magic     | 1 2 |  2.3
Fighting       | 1 |  1.5

Action                     |  1- 3 |  4- 6 |  7- 9 || total
---------------------------+-------+-------+-------++-------
  Melee: Whip              |    25 |    16 |     2 ||    43
         Tailslap          |     3 |     4 |       ||     7
   Cast: Magic Dart        |    72 |    81 |    10 ||   163
         Searing Ray       |     1 |    14 |    12 ||    27
Ability: Breathe Dispellin |       |       |     2 ||     2
    Use: Potion            |       |       |     1 ||     1
 Armour: Skin              |     8 |     9 |     7 ||    24
  Dodge: Dodged            |    17 |    35 |    19 ||    71

Table legend: (Time is in decaauts)
 A = Elapsed time spent in this place.
 B = Non-inter-level travel time spent in this place.
 C = Inter-level travel time spent in this place.
 D = Time resting spent in this place.
 E = Time spent auto-exploring this place.
 F = Levels seen in this place.
 G = Mean time per level.
                   A        B        C        D        E       F      G
               +--------+--------+--------+--------+--------+-----+--------+
         Total |   4786 |   4730 |     56 |      0 |   4018 |   4 | 1196.5 |
       Dungeon |   4786 |   4730 |     56 |      0 |   4018 |   4 | 1196.5 |
               +--------+--------+--------+--------+--------+-----+--------+

Top non-repeatable levels by time:
     D:4: 1424 daAuts
     D:1: 1246 daAuts
     D:3: 1152 daAuts
     D:2: 963 daAuts
